 Dungeon Crawl Stone Soup version 0.29.1-15-g9cfb28693d (webtiles) character file.

Game seed: 8483650428303453571

6550 XSreality the Basher (level 10, -4/91 HPs)
             Began as a Minotaur Berserker on Feb 21, 2023.
             Was an Elder of Trog.
             Slain by a wyvern (14 damage)
             ... on level 8 of the Dungeon.
             The game lasted 00:23:49 (9346 turns).

XSreality the Basher (Minotaur Berserker)           Turns: 9346, Time: 00:23:51

Health: -4/91      AC: 16    Str: 24    XL:     10   Next: 70%
Magic:  9/9        EV: 11    Int:  6    God:    Trog [****..]
Gold:   40         SH:  5    Dex: 16    Spells: 9/9 levels left

rFire   . . .      SeeInvis .   V - +1 demon whip (elec)
rCold   . . .      Faith    .   (no shield)
rNeg    . . .      Spirit   .   J - +1 plate armour
rPois   +          Reflect  +   (helmet restricted)
rElec   .          Harm     .   v - +0 cloak
rCorr   .          Rampage  .   (no gloves)
Will    .....                   (no boots)
Stlth   ..........              g - amulet of reflection
HPRegen 0.25/turn               M - ring of poison resistance
MPRegen 0.11/turn               S - +6 ring of dexterity

@: on berserk cooldown, hasted and slowed, studying Ranged Weapons
A: horns 2, retaliatory headbutt
a: Renounce Religion, Berserk, Trog's Hand, Brothers in Arms


You were on level 8 of the Dungeon.
You worshipped Trog.
Trog was greatly pleased with you.
You visited 1 branch of the dungeon, and saw 8 of its levels.
You also visited: Sewer.

You collected 436 gold pieces.
You spent 396 gold pieces at shops.

Inventory:

Hand Weapons
 a - a +0 mace
 f - a +2 vampiric hand axe
 u - a +3 quarterstaff of chaos
 N - a +2 dire flail of freezing
 O - a +5 flail
 R - a +0 halberd of freezing
 V - a +1 demon whip of electrocution (weapon)
 W - the +9 short sword "Panterch" {flame, Dex+5}
   (You found it on level 8 of the Dungeon)

   It burns those it strikes, dealing additional fire damage.
   Dex:       It affects your dexterity (+5).
Armour
 p - a +0 ring mail
 v - a +0 cloak (worn)
 J - a +1 plate armour (worn)
Jewellery
 g - an amulet of reflection (around neck)
 n - an amulet of faith
 q - an amulet of magic regeneration
 F - a +6 ring of intelligence
 M - a ring of poison resistance (left hand)
 S - a +6 ring of dexterity (right hand)
Wands
 y - a wand of polymorph (8)
 C - a wand of iceblast (24)
 E - a wand of flame (16)
 P - a wand of mindburst (11)
 T - a wand of charming (4)
Scrolls
 b - 2 scrolls of identify
 e - 2 scrolls of fear {unknown}
 h - 4 scrolls of magic mapping
 j - 2 scrolls of teleportation
 k - 2 scrolls of enchant weapon {unknown}
 l - a scroll of poison {unknown}
 m - a scroll of vulnerability
 r - 2 scrolls of noise
 t - 2 scrolls of enchant armour
 H - 2 scrolls of amnesia {unknown}
 K - a scroll of summoning {unknown}
 U - a scroll of blinking {unknown}
Potions
 c - 4 potions of flight
 d - 5 potions of curing
 i - 2 potions of mutation {unknown}
 o - 3 potions of lignification {unknown}
 s - 3 potions of degeneration {unknown}
 w - a potion of berserk rage {unknown}
 x - 3 potions of magic
 z - 2 potions of haste
 A - 2 potions of invisibility {unknown}
 B - 2 potions of resistance {unknown}
 D - 2 potions of attraction {unknown}
 G - a potion of ambrosia {unknown}
 I - 2 potions of might {unknown}
 L - 3 potions of heal wounds {unknown}
 Q - a potion of brilliance {unknown}


   Skills:
 + Level 9.5 Fighting
 * Level 12.8 Maces & Flails
 + Level 9.1 Armour
 + Level 8.3 Dodging


You had 9 spell levels left.
You didn't know any spells.
Your spell library was empty.

Dungeon Overview and Level Annotations

Branches:
Dungeon (8/15)             Temple (0/1) D:5           Sewer (visited)
   Lair: D:8-11

Altars:
Elyvilon
Fedhas
Gozag
Makhleb
Okawaru
Uskayaw
Yredelemnul

Shops:
D:1 (   D:7 (

Annotations:
D:5 1 runed translucent door
D:7 1 runed translucent door


Innate Abilities, Weirdness & Mutations

You have a pair of horns on your head.
You reflexively headbutt those who attack you in melee.


Message History

The wyvern attacks as you move away! The wyvern bites you!
The water moccasin bites you but does no damage.
A water moccasin comes into view.
The yak closely misses you.
Things that are here:
a +0 shortbow; a centaur corpse The water moccasin attacks as you move away!
The water moccasin barely misses you.
The water moccasin bites you but does no damage.
As you read the scroll of teleportation, it crumbles to dust.
You feel strangely unstable. The wyvern bites you!
* * * LOW HITPOINT WARNING * * *
The water moccasin bites you but does no damage.
The water moccasin barely misses you. You furiously retaliate!
You headbutt the water moccasin.
You feel yourself speed up. The wyvern barely misses you.
The water moccasin bites you but does no damage.
The wyvern bites you but does no damage.
The water moccasin bites you but does no damage.
The orc warrior closely misses you. You furiously retaliate!
You headbutt the orc warrior.
The wyvern bites you but does no damage.
The orc warrior attacks as you move away!
You block the orc warrior's attack.
The water moccasin bites you but does no damage.
The water moccasin attacks as you move away!
The water moccasin bites you but does no damage.
The wyvern attacks as you move away! The wyvern bites you.
* * * LOW HITPOINT WARNING * * *
Your surroundings seem slightly different.
The wyvern bites you but does no damage.
You block the wyvern's attack. x2; The wyvern barely misses you.
There is a stone staircase leading up here.
The wyvern completely misses you. You furiously retaliate!
You headbutt the wyvern.
The orc warrior hits you but does no damage.
The wyvern bites you!
* * * LOW HITPOINT WARNING * * *
The wyvern bites you!
You die...

....###..####......#...# ..
......#....#.......#...##..
..........##............#.#
..##...##.#.....#.††###...# ##.
..#.......#.....#...##...###...
.......#.............##.#.....
.#.....##...............##..#
.##................##......##
#...............@oS.#....#####
##.............Yll.s...$.#...#
.#.......##......YY...........?
.................Y.........##.#
............................#
........................###.#
...#.............))......##...
..##.......##....#†.......# #..
......... #.####.....##..♣ ..


You could see 4 yaks, an orc warrior, a water moccasin, 2 wyverns and a
scorpion.

Vanquished Creatures
  2 cyclopes
  Grinder (D:3)
  A troll (D:8)
  Prince Ribbit (D:5)
  Sigmund (D:3)
  3 wyverns (D:8)
  A steam dragon (D:7)
  4 vampire mosquitoes (D:8)
  Duvessa (D:4)
  2 water moccasins
  2 orc warriors
  3 ice beasts
  3 black bears
  An ogre (D:6)
  8 centaurs
  A kobold brigand (Sewer)
  Blork the orc (D:4)
  A bullfrog (D:6)
  A necrophage (D:8)
  3 scorpions
  5 wights
  Dowan (D:4)
  6 killer bees (D:7)
  2 howler monkeys
  5 jellies
  4 hounds
  Crazy Yiuf (D:3)
  4 orc priests
  A gnoll bouda (D:7)
  5 iguanas
  6 orc wizards
  9 gnolls
  9 adders
  2 shadow imps
  A white imp (D:6)
  An ufetubus (D:4)
  The ghost of yegreS the Sneak, a weakling MeDe (D:5)
  5 dart slugs
  26 orcs
  11 bats
  8 endoplasms
  7 giant cockroaches
  5 goblins
  7 hobgoblins
  13 kobolds
  12 quokkas
  10 ball pythons
  3 frilled lizards
  10 rats
221 creatures vanquished.

Vanquished Creatures (others)
  A sky beast (D:8)
  An ogre (D:5)
  3 gnolls (D:7)
  A fungus (D:8)
  27 plants
33 creatures vanquished.

Grand Total: 254 creatures vanquished

Notes
Turn   | Place    | Note
-------+----------+-------------------------------------------
     0 | D:1      | XSreality the Minotaur Berserker began the quest for the
                  | Orb.
     0 | D:1      | Reached XP level 1. HP: 19/19 MP: 0/0
   130 | D:1      | Reached XP level 2. HP: 27/27 MP: 1/1
   146 | D:1      | Reached skill level 4 in Maces & Flails
   250 | D:1      | Found Rubb's Antique Weapon Shop.
   816 | D:2      | Reached XP level 3. HP: 33/33 MP: 2/2
   932 | D:2      | Reached ** piety under Trog
   967 | D:2      | Found a faded altar of an unknown god.
  1450 | D:3      | Reached XP level 4. HP: 40/40 MP: 3/3
  1513 | D:3      | Found a runed translucent door.
  1514 | D:3      | Noticed Crazy Yiuf
  1522 | D:3      | Killed Crazy Yiuf
  1523 | D:3      | Reached skill level 5 in Maces & Flails
  1751 | D:3      | Found a burning altar of Makhleb.
  1769 | D:3      | Found an opulent altar of Gozag.
  1821 | D:3      | Noticed Sigmund
  2106 | D:3      | Found a blossoming altar of Fedhas.
  2196 | D:3      | Killed Sigmund
  2197 | D:3      | Reached XP level 5. HP: 47/47 MP: 4/4
  2197 | D:3      | Reached XP level 6. HP: 55/55 MP: 5/5
  2307 | D:3      | Found a white marble altar of Elyvilon.
  2313 | D:3      | Noticed Grinder
  2322 | D:3      | Killed Grinder
  2323 | D:3      | Reached skill level 5 in Fighting
  2323 | D:3      | Reached skill level 6 in Maces & Flails
  2545 | D:4      | Found an iron altar of Okawaru.
  2559 | D:4      | Reached XP level 7. HP: 61/61 MP: 6/6
  2587 | D:4      | Found a glowing drain.
  2610 | Sewer    | Entered a sewer
  2806 | Sewer    | Reached skill level 7 in Maces & Flails
  3105 | D:4      | Reached skill level 5 in Armour
  3189 | D:4      | Found a hide-covered altar of Uskayaw.
  3341 | D:4      | Noticed Dowan
  3342 | D:4      | Noticed Duvessa
  3355 | D:4      | Killed Duvessa
  3361 | D:4      | Killed Dowan
  3755 | D:4      | Reached *** piety under Trog
  4068 | D:5      | Entered Level 5 of the Dungeon
  4085 | D:4      | Reached skill level 5 in Dodging
  4085 | D:4      | Reached XP level 8. HP: 53/70 MP: 7/7
  4266 | D:5      | Noticed Blork the orc
  4293 | D:4      | Killed Blork the orc
  4294 | D:4      | Reached skill level 8 in Maces & Flails
  4660 | D:5      | Noticed Prince Ribbit
  4669 | D:5      | Killed Prince Ribbit
  4670 | D:5      | Reached skill level 9 in Maces & Flails
  4850 | D:5      | Found a runed translucent door.
  4855 | D:5      | Noticed yegreS's ghost (weakling MeDe)
  4948 | D:5      | Found a runed translucent door.
  5144 | D:5      | Killed yegreS's ghost
  5256 | D:5      | Found a staircase to the Ecumenical Temple.
  5572 | D:6      | Reached XP level 9. HP: 50/79 MP: 8/8
  6244 | D:6      | Reached skill level 10 in Maces & Flails
  7211 | D:7      | Reached skill level 11 in Maces & Flails
  7423 | D:7      | Reached **** piety under Trog
  7688 | D:7      | Found Exzeu's Antique Weapon Emporium.
  7806 | D:7      | Reached XP level 10. HP: 50/90 MP: 9/9
  8081 | D:7      | Found a runed translucent door.
  8086 | D:7      | Found a basalt altar of Yredelemnul.
  8790 | D:8      | Noticed a cyclops
  8827 | D:7      | Killed a cyclops
  8892 | D:8      | Noticed a cyclops
  8897 | D:8      | Killed a cyclops
  8898 | D:8      | Reached skill level 12 in Maces & Flails
  9106 | D:7      | Bought a glowing demon whip for 396 gold pieces
  9241 | D:8      | Identified the +9 short sword "Panterch" {flame, Dex+5}
  9346 | D:8      | Slain by a wyvern

Illustrated notes

Levels and vault maps discovered:
D:1:      minmay_arrival_stone_box, layout_basic, serial_shops,
          nicolae_shop_statue_plus
D:2:      layout_basic, ebering_ecumenical_altar_hall,
          kennysheep_generic_room_13
D:3:      layout_loops_ring, lemuel_tele_altar, lemuel_doored_altar,
          grunt_gozag_breadcrumbs, mainiacjoe_overflow_concentric_impassable,
          minivault_24, grunt_decor_cap, uniq_sigmund, uniq_crazy_yiuf_cottage,
          uniq_grinder
D:4:      wad_woods_settlement, layout_basic, nicolae_uskayaw_dance_hall,
          mainiacjoe_overflow_paths, portal_sewer_entry_f,
          minmay_misc_feat_nine_boxes, hangedman_decor_opposing,
          corexii_checkpoint_b, uniq_duvessa
D:5:      layout_basic, minmay_temple_entry_poolview, ebering_ghost_sewer_f,
          hangedman_decor_points, uniq_blork_the_orc, uniq_prince_ribbit1
D:6:      layout_basic, minmay_manual_mares
D:7:      layout_basic, dk_yredelemnul_ordeal, serial_shops, shop
D:8:      layout_cave_pools, minmay_lair_entry_grove, minmay_starry_boxes

Skill      XL: |  1  2  3  4  5  6  7  8  9 10 |
---------------+-------------------------------+-----
Maces & Flails | 4 5 6 7 9 11 12 | 12.8
Fighting       | 4 5 6 7 8 9 |  9.5
Armour         | 3 4 5 6 8 9 |  9.1
Dodging        | 3 4 5 6 7 8 |  8.3

Action                   |  1- 3 |  4- 6 |  7- 9 | 10-12 || total
-------------------------+-------+-------+-------+-------++-------
Melee: Mace              |    30 |       |       |       ||    30
       Headbutt          |    11 |     4 |    39 |    12 ||    66
       Punch             |     1 |       |       |       ||     1
       Hand axe          |    46 |    10 |       |       ||    56
       Quarterstaff      |       |    21 |   240 |       ||   261
       Dire flail        |       |       |    54 |    72 ||   126
       Demon whip        |       |       |       |    19 ||    19
Invok: Berserk           |     1 |     3 |     8 |     4 ||    16
       Trog's Hand       |       |     2 |       |       ||     2
  Use: Scroll            |       |       |     9 |     1 ||    10
       Potion            |       |       |       |     1 ||     1
 Stab: Sleeping          |     1 |       |       |       ||     1
Armor: Animal skin       |     8 |       |       |       ||     8
       Ring mail         |     6 |     7 |    64 |       ||    77
       Plate armour      |       |       |    49 |    74 ||   123
Dodge: Dodged            |    57 |    10 |   133 |    55 ||   255
Block: Other             |     6 |     6 |    59 |    31 ||   102
       Reflection        |       |       |     7 |     5 ||    12
